 Dungeon Crawl Stone Soup version 0.20.1-1-g8b1a95d (webtiles) character file.

1570 letownia2 the Reanimator (level 8, -1/64 HPs)
             Began as a Deep Dwarf Necromancer on Nov 6, 2017.
             Was an Initiate of Gozag.
             Slain by Prince Ribbit (11 damage)
             ... on level 7 of the Dungeon.
             The game lasted 00:15:18 (5980 turns).

letownia2 the Reanimator (Deep Dwarf Necromancer)   Turns: 5980, Time: 00:15:18

Health: -1/64      AC:  9    Str: 12    XL:     8   Next: 59%
Magic:  16/16      EV:  9    Int: 18    God:    Gozag
Gold:   733        SH:  0    Dex: 13    Spells: 14/18 levels left

rFire    . . .     SeeInvis .   a - +2 dagger (venom)
rCold    . . .     Gourm    .   (no shield)
rNeg     . . .     Faith    .   I - +0 scale mail
rPois    .         Spirit   .   r - +0 helmet
rElec    .         Reflect  .   (no cloak)
rCorr    .         Harm     .   (no gloves)
MR       ++...                  F - +0 pair of boots
Stlth    +.........             (no amulet)
Regen    0.0/turn               U - ring of protection from magic
MPRegen  0.2/turn               (no ring)

@: non-regenerating
A: damage resistance, heal wounds, sense surroundings 1, no regeneration
a: Heal Wounds, Potion Petition, Call Merchant, Bribe Branch, Renounce Religion


You were on level 7 of the Dungeon.
You worshipped Gozag.
Gozag was pleased with you.
You were not hungry.

You visited 2 branches of the dungeon, and saw 8 of its levels.

You collected 819 gold pieces.
You paid 86 gold pieces to Gozag.

Inventory:

Hand Weapons
 a - a +2 dagger of venom (weapon)
 b - a +2 mace of protection
 c - a +0 blowgun
 d - a +2 whip of draining
 i - a +0 dagger
 k - a +1 antimagic battleaxe
 L - a +0 battleaxe
 S - a +2 short sword of flaming
Missiles
 f - 29 poisoned needles
 p - 2 throwing nets (quivered)
Armour
 r - a +0 helmet (worn)
 F - a +0 pair of boots (worn)
 I - a +0 scale mail (worn)
 P - a +2 robe of cold resistance
Jewellery
 U - a ring of protection from magic (left hand)
Wands
 m - a wand of polymorph (9/24)
 n - a wand of paralysis (11/24)
 E - a wand of polymorph (12/24)
Scrolls
 e - 2 scrolls of recharging {unknown}
 h - 6 scrolls of remove curse
 l - a scroll of random uselessness {unknown}
 t - 3 scrolls of fear
 u - 4 scrolls of identify
 x - 2 scrolls of enchant weapon {unknown}
 y - 3 scrolls of teleportation {unknown}
 z - 2 scrolls of enchant armour {unknown}
 B - a scroll of noise {unknown}
 C - 2 scrolls of amnesia {unknown}
 J - 2 scrolls of summoning {unknown}
 K - a scroll of magic mapping {unknown}
 R - a scroll of immolation {unknown}
Potions
 v - 2 potions of invisibility {unknown}
 w - 4 potions of lignification {unknown}
 A - 2 potions of curing {unknown}
 D - a potion of flight {unknown}
 G - a potion of might {unknown}
 H - a potion of haste {unknown}
 M - a potion of heal wounds {unknown}
 N - a potion of cancellation {unknown}
 T - 2 potions of agility
Books
 s - a book of Necromancy

   Spells                             Type                      Level
   a - Pain                           Necromancy                   1
   b - Animate Skeleton               Necromancy                   1
   c - Vampiric Draining              Necromancy                   3
   d - Regeneration                   Charms/Necromancy            3
   e - Animate Dead                   Necromancy                   4
   f - Control Undead                 Necromancy                   4
 V - a book of Changes

   Spells                             Type                      Level
   a - Beastly Appendage              Transmutation                1
   b - Sticks to Snakes               Transmutation                2
   c - Spider Form                    Transmutation/Poison         3
   d - Ice Form                       Ice/Transmutation            4
   e - Blade Hands                    Transmutation                5
Comestibles
 j - a royal jelly
 q - 3 fruits
 Q - 8 bread rations


   Skills:
 - Level 1.0 Fighting
 - Level 4.1 Armour
 - Level 2.1 Dodging
 - Level 2.4 Stealth
 + Level 5.7 Spellcasting
 + Level 8.6 Necromancy
 - Level 4.1 Evocations


You had 14 spell levels left.
You knew the following spells:

 Your Spells              Type           Power        Failure   Level  Hunger
a - Pain                  Necr           ####         1%          1    None
v - Vampiric Draining     Necr           #####.....   4%          3    ##.....


Dungeon Overview and Level Annotations

Branches:
Dungeon (7/15)             Temple (1/1) D:6

Altars:
Ashenzari
Cheibriados
Dithmenos
Elyvilon
Gozag
Hepliaklqana
Kikubaaqudgha
Makhleb
Nemelex Xobeh
Qazlal
Trog
Uskayaw
Vehumet
Yredelemnul
Zin
The Shining One

Annotations:
D:7 Prince Ribbit; veneficus's ghost, novice MfSk


Innate Abilities, Weirdness & Mutations

You are resistant to damage.
You can heal yourself by infusing magical energy.
You passively map a small area around you.
You do not regenerate.


Message History

The wyvern skeleton bites you! The wyvern skeleton bites you.
You thump the wyvern skeleton!
The wyvern skeleton is severely damaged.
The wyvern skeleton bites you! The wyvern skeleton barely misses you.
You hit the wyvern skeleton.
The wyvern skeleton is severely damaged.
The wyvern skeleton misses you. The wyvern skeleton bites you!
* * * LOW HITPOINT WARNING * * *
You sock the wyvern skeleton!
You destroy the wyvern skeleton!
You now have 733 gold pieces (gained 6).
Your +2 mace of protection goes still.
Your +2 dagger of venom begins to drip with poison!
a - a +2 dagger of venom (weapon)
You open the door.
There is an open door here.
Prince Ribbit comes into view.
Prince Ribbit hits you!
You die...
Your body crumbles into a pile of gold.

* * ######.#######
#######.###...# ,,
#.............' , ,
,#.............# ,
#..####>####..# ,
##+###'####+####..#
#.........#.......) ,
,,#.........#........
+ ##@####..##...####.
* ,* #F# **..##... #.
, +.. *..#... , ... ,
, ,
#...,*..+..,,,.... *
* *##..# ..# , #.##.
,, ..#* * ##*#. , ...
, , . , , .... , , *
* *


You could see Prince Ribbit.

Vanquished Creatures
  Duvessa (D:6)
  An orc warrior (D:6)
  An ice beast (D:5)
  2 ogres (D:6)
  A centaur (D:5)
  2 bullfrogs (D:6)
  Dowan (D:6)
  A wyvern skeleton (D:7)
  A scorpion (D:6)
  A howler monkey (D:4)
  2 crimson imps (D:5)
  2 hounds
  2 orc priests (D:3)
  A centaur skeleton (D:5)
  2 jellies (D:6)
  3 orc wizards
  5 worker ants
  A killer bee zombie (D:6)
  A hound skeleton (D:3)
  5 adders
  4 gnolls
  An ooze (D:1)
  An adder skeleton (D:4)
  4 worms
  2 dart slugs
  2 leopard geckos (D:3)
  14 orcs
  2 giant cockroaches
  7 goblins
  6 hobgoblins
  11 jackals
  4 quokkas
  A ball python (D:4)
  5 bats
  3 frilled lizards
  2 gnoll zombies (D:3)
  A jackal zombie (D:5)
  7 kobolds
  2 leopard gecko skeletons
  A quokka zombie (D:5)
  2 rats (D:1)
118 creatures vanquished.

Notes
Turn   | Place    | Note
-------+----------+-------------------------------------------
     0 | D:1      | letownia2 the Deep Dwarf Necromancer began the quest for the Orb.
     0 | D:1      | Reached XP level 1. HP: 15/15 MP: 3/3
   310 | D:2      | Reached XP level 2. HP: 22/22 MP: 1/5
   525 | D:2      | Found a stormy altar of Qazlal.
   786 | D:3      | Reached skill level 5 in Necromancy
   942 | D:3      | Reached XP level 3. HP: 15/28 MP: 0/7
  1024 | D:3      | Learned a level 3 spell: Vampiric Draining
  1129 | D:4      | Reached XP level 4. HP: 22/36 MP: 0/8
  1323 | D:3      | Found a burning altar of Makhleb.
  1323 | D:3      | Noticed a blizzard demon
  1551 | D:4      | Reached XP level 5. HP: 37/42 MP: 1/10
  1679 | D:4      | Found a hide-covered altar of Uskayaw.
  1710 | D:4      | Reached skill level 6 in Necromancy
  1852 | D:5      | Entered Level 5 of the Dungeon
  1856 | D:5      | Reached skill level 1 in Fighting
  1856 | D:5      | Reached skill level 1 in Armour
  2064 | D:5      | Noticed a centaur
  2082 | D:5      | Killed a centaur
  2082 | D:5      | Reached XP level 6. HP: 38/51 MP: 0/11
  2558 | D:5      | Noticed an ice beast
  2589 | D:6      | Reached skill level 7 in Necromancy
  2663 | D:6      | Found a staircase to the Ecumenical Temple.
  2683 | Temple   | Entered the Ecumenical Temple
  2706 | Temple   | Became a worshipper of Gozag Ym Sagoz the Greedy
  2765 | D:6      | Reached XP level 7. HP: 54/57 MP: 9/12
  3255 | D:3      | Found a shattered altar of Ashenzari.
  3352 | D:3      | Found a basalt altar of Yredelemnul.
  3534 | D:3      | Noticed a neqoxec
  3534 | D:3      | Noticed a ynoxinul
  5018 | D:6      | Noticed Duvessa
  5021 | D:6      | Noticed Dowan
  5039 | D:6      | Killed Duvessa
  5040 | D:6      | Killed Dowan
  5134 | D:6      | Reached skill level 8 in Necromancy
  5151 | D:6      | Reached XP level 8. HP: 37/64 MP: 6/14
  5362 | D:6      | Reached skill level 5 in Spellcasting
  5849 | D:7      | Noticed veneficus's ghost (novice MfSk)
  5980 | D:7      | Noticed Prince Ribbit
  5980 | D:7      | Slain by Prince Ribbit

Skill      XL: |  1  2  3  4  5  6  7  8 |
---------------+-------------------------+-----
Spellcasting   | 2 3 4 5 |  5.7
Necromancy     | 5 6 7 8 |  8.6
Fighting       | 1 |  1.0
Armour         | 1 3 4 |  4.1
Evocations     | 2 4 |  4.1
Dodging        | |  2.1
Stealth        | |  2.4

Action                   |  1- 3 |  4- 6 |  7- 9 || total
-------------------------+-------+-------+-------++-------
Melee: Unarmed           |     2 |       |       ||     2
       Dagger            |     6 |    83 |    42 ||   131
       Whip              |     3 |     6 |       ||     9
       Mace              |       |       |    22 ||    22
       Short sword       |       |       |    10 ||    10
 Cast: Pain              |    45 |    25 |   126 ||   196
       Vampiric Draining |     1 |    15 |    22 ||    38
Evoke: Wand              |       |       |     1 ||     1
  Use: Scroll            |       |     2 |     1 ||     3
 Stab: Paralysed         |       |       |     2 ||     2
  Eat: Chunk             |     1 |     8 |       ||     9
       Royal jelly       |       |       |     2 ||     2
       Meat ration       |       |       |     2 ||     2
Armor: Robe              |    20 |       |       ||    20
       Ring mail         |     5 |    34 |       ||    39
       Scale mail        |       |    23 |    50 ||    73
Dodge: Dodged            |    41 |    56 |    58 ||   155
